 Dungeon Crawl Stone Soup version 0.26-a0-812-g31a745ddcd (webtiles) character file.

Game seed: 7044737795828080975

4989 selver the Tainter (level 10, 0/68 (69) HPs)
             Began as a Black Draconian Venom Mage on Nov 14, 2020.
             Was a Priest of Vehumet.
             Slain by an ufetubus (4 damage)
             ... on level 9 of the Dungeon.
             The game lasted 00:42:55 (9663 turns).

selver the Tainter (Black Draconian Venom Mage)     Turns: 9663, Time: 00:42:56

HP:   0/68 (69)     AC: 10    Str: 12    XL:     10   Next: 29%
MP:   9/18          EV: 12    Int: 18    God:    Vehumet [***...]
Gold: 541           SH:  0    Dex: 11    Spells: 1/20 levels left

rFire    . . .     SeeInvis .   A - +4 dagger
rCold    . . .     Faith    .   (no shield)
rNeg     . . .     Spirit   .   (armour unavailable)
rPois    .         Reflect  .   (helmet restricted)
rElec    +         Harm     .   n - +2 cloak {rCorr}
rCorr    +         Rampage  .   (no gloves)
MR       +....                  (no boots)
Stlth    ++........             E - amulet of regeneration
HPRegen  0.61/turn              u - ring of protection from magic
MPRegen  0.16/turn              k - ring of wizardry

@: no status effects
A: breathe lightning, unfitting armour, electricity resistance, cold-blooded, AC
+7
a: Breathe Lightning, Renounce Religion


You were on level 9 of the Dungeon.
You worshipped Vehumet.
Vehumet was most pleased with you.
You visited 2 branches of the dungeon, and saw 10 of its levels.
You also visited: Sewer and Ossuary.

You collected 541 gold pieces.

Inventory:

Hand Weapons
 f - a +3 flail of protection
 g - a +1 dagger
 v - a +0 trident of freezing
 A - a +4 dagger (weapon)
Missiles
 c - 6 javelins (quivered)
 m - 2 boomerangs
Armour
 n - a +2 cloak of preservation (worn)
Jewellery
 e - an uncursed ring of positive energy
 k - a ring of wizardry (right hand)
 u - a ring of protection from magic (left hand)
 w - an uncursed ring of ice
 x - an uncursed ring of protection from cold
 E - an amulet of regeneration (around neck)
Wands
 p - a wand of acid (7)
 t - a wand of enslavement (6)
 y - a wand of flame (12)
 D - a wand of polymorph (5)
Scrolls
 b - 6 scrolls of remove curse
 i - 4 scrolls of enchant armour
 o - 4 scrolls of identify
 r - 2 scrolls of immolation
 z - a scroll of fog {unknown}
 B - a scroll of amnesia {unknown}
 C - a scroll of enchant weapon
Potions
 a - 3 potions of brilliance
 d - 3 potions of lignification
 h - 2 potions of cancellation
 j - 5 potions of curing
 l - 4 potions of attraction
 q - a potion of resistance
 s - 2 potions of mutation


   Skills:
 - Level 1.7 Dodging
 - Level 1.7 Stealth
 + Level 5.9 Spellcasting
 + Level 4.6 Conjurations
 * Level 5.6 Transmutations
 - Level 3.3 Fire Magic
 * Level 8.4 Air Magic
 * Level 9.3 Poison Magic


You had one spell level left.
You knew the following spells:

 Your Spells              Type           Power        Failure   Level
a - Sting                 Tmut/Pois      ####         1%          1
b - Poisonous Vapours     Pois/Air       #####.       1%          2
c - Mephitic Cloud        Conj/Pois/Air  ####....     1%          3
d - Ignite Poison         Fire/Tmut/Pois ####....     1%          3
e - Olgreb's Toxic Radia  Pois           #####...     1%          4
f - Shock                 Conj/Air       ####         1%          1
g - Static Discharge      Conj/Air       ####....     1%          3
h - Passwall              Tmut/Erth      ###.....     2%          2

Your spell library contained the following spells:

 Spells                   Type           Power        Failure   Level
 Conjure Flame            Conj/Fire      ###.....     1%          3
 Beastly Appendage        Tmut           ####..       1%          1
 Sandblast                Erth           #.....       1%          1
 Wereblood                Tmut           ####....     1%          2
 Spider Form              Tmut/Pois      ####......   1%          3
 Stone Arrow              Conj/Erth      ##....       1%          3
 Blade Hands              Tmut           ####......   14%         5
 Ice Form                 Ice/Tmut       ###.....     16%         4
 Petrify                  Tmut/Erth      ###.....     16%         4
 Lee's Rapid Deconstruct  Erth           #.........   32%         5


Dungeon Overview and Level Annotations

Branches:
Dungeon (9/15)             Temple (1/1) D:4           Sewer (visited)
Ossuary (visited)
   Lair: D:8-11         Orc: D:9-12

Altars:
Ashenzari
Makhleb
Sif Muna
Trog
Uskayaw
Vehumet
Xom
Yredelemnul
The Shining One

Annotations:
D:6 2 transporters, Sun's ghost, novice HuMo


Innate Abilities, Weirdness & Mutations

You can breathe wild blasts of lightning.
Your glossy black scales are hard. (AC +7)
You cannot fit into any form of body armour.
You are resistant to electric shocks. (rElec)
You are cold-blooded and may be slowed by cold attacks.


Message History

The ufetubus closely misses you. The ufetubus hits you.
* * * LOW HITPOINT WARNING * * *
The ufetubus hits you.
* * * LOW HITPOINT WARNING * * *
The ufetubus hits you.
* * * LOW HITPOINT WARNING * * *
The ufetubus hits you but does no damage.
Found 6 arrows.
Casting: Sting (safe; 1% risk of failure)
Confirm with . or Enter, or press ? or * to list all spells.
Press: ? - help, Shift-Dir - straight line The ball explodes into a vile cloud!
The stinking cloud engulfs the ufetubus but does no damage.
The stinking cloud engulfs the death yak but does no damage.
The death yak is heavily wounded.
You hear a shout!
You hear a bellow!
You hear a shout!
You hear a bellow! x2
You hear a shout! x4
The death yak is engulfed in noxious fumes.
The ufetubus misses you. The ufetubus hits you.
You die...

#####################
.....................
..............:....#
.................#
#####.?............#
.......@...........#
(......5Y..........#
........§☼...<.....#
.......☼.☼..#####..#
....O.....(.#
.......###### .......
....... ......


You could see a death yak, an ogre and an ufetubus.

Vanquished Creatures
  A death yak (D:8)
  Sigmund (D:3)
  4 yaks (D:8)
  A wyvern (D:7)
  Edmund (D:4)
  A water moccasin (D:6)
  4 sky beasts
  Purgy (Sewer)
  An ice beast (D:6)
  An orc warrior (D:6)
  A necrophage (D:6)
  5 phantoms
  3 ogres
  Blork the orc (D:4)
  4 bullfrogs
  A big kobold (D:8)
  3 scorpions
  3 wights (D:8)
  A quasit (D:5)
  Crazy Yiuf (D:4)
  4 hounds
  2 human zombies (Ossuary)
  2 jellies (D:6)
  5 orc priests
  5 orc wizards
  A bullfrog skeleton (D:4)
  Ijyb (D:4)
  An iguana (D:5)
  7 worker ants
  A big kobold zombie (Ossuary)
  3 mummies (Ossuary)
  A worker ant zombie (D:8)
  A hound skeleton (D:6)
  5 gnolls
  9 adders
  A shadow imp (D:7)
  2 white imps
  4 ufetubi
  4 adder zombies (Ossuary)
  4 worms
  3 dart slugs
  3 leopard geckos
  19 orcs
  A ball python (D:2)
  10 giant cockroaches
  2 goblins
  5 hobgoblins
  5 jackals (D:2)
  12 kobolds
  5 quokkas
  5 bats
  4 frilled lizards
  A goblin zombie (Ossuary)
  2 hobgoblin zombies (Ossuary)
  3 kobold zombies (Ossuary)
  A leopard gecko skeleton (D:7)
  2 quokka zombies (Ossuary)
  9 rats
  3 rat zombies (Ossuary)
197 creatures vanquished.

Notes
Turn   | Place    | Note
-------+----------+-------------------------------------------
     0 | D:1      | selver the Draconian Venom Mage began the quest for the
                  | Orb.
     0 | D:1      | Reached XP level 1. HP: 14/14 MP: 3/3
   182 | D:1      | Reached XP level 2. HP: 20/20 MP: 3/5
   682 | D:1      | Learned a level 2 spell: Poisonous Vapours
   772 | D:2      | Reached XP level 3. HP: 3/26 MP: 0/6
  1150 | D:2      | Reached skill level 4 in Poison Magic
  2122 | D:3      | Reached XP level 4. HP: 32/33 MP: 6/8
  2142 | D:3      | Found a broken altar of Ashenzari.
  2160 | D:3      | Noticed Sigmund
  2167 | D:3      | Learned a level 3 spell: Mephitic Cloud
  2183 | D:3      | Killed Sigmund
  2183 | D:3      | Reached skill level 1 in Air Magic
  2183 | D:3      | Reached skill level 5 in Poison Magic
  2183 | D:3      | Reached XP level 5. HP: 30/38 MP: 0/9
  2604 | D:3      | Reached XP level 6. HP: 35/45 MP: 5/10
  3061 | D:4      | Noticed Edmund
  3076 | D:4      | Killed Edmund
  3214 | D:4      | Your scales start taking on a glossy black colour.
  3214 | D:4      | Reached XP level 7. HP: 24/50 MP: 12/12
  3214 | D:4      | Gained mutation: You are resistant to electric shocks.
                  | (rElec) [Black Draconian growth]
  3389 | D:4      | Learned a level 3 spell: Ignite Poison
  3394 | D:4      | Learned a level 4 spell: Olgreb's Toxic Radiance
  3399 | D:4      | Found a staircase to the Ecumenical Temple.
  3441 | Temple   | Entered the Ecumenical Temple
  3467 | Temple   | Became a worshipper of Vehumet
  3496 | D:4      | Found a shimmering blue altar of Sif Muna.
  3496 | D:4      | Found a shimmering altar of Xom.
  3705 | D:4      | Reached skill level 6 in Poison Magic
  3885 | D:4      | Noticed Blork the orc
  3888 | D:4      | Killed Blork the orc
  4239 | D:4      | Noticed Ijyb
  4257 | D:4      | Killed Ijyb
  4511 | D:4      | Found a bloodstained altar of Trog.
  4526 | D:4      | Found a runed translucent door.
  4527 | D:4      | Noticed Crazy Yiuf
  4533 | D:4      | Killed Crazy Yiuf
  4533 | D:4      | Reached skill level 1 in Conjurations
  4796 | D:4      | Reached skill level 1 in Fire Magic
  4943 | D:5      | Entered Level 5 of the Dungeon
  4973 | D:5      | Found a sand-covered staircase.
  4987 | Ossuary  | Entered an ossuary
  5279 | Ossuary  | Reached * piety under Vehumet
  5279 | Ossuary  | Offered knowledge of Shock by Vehumet.
  5282 | Ossuary  | Learned a level 1 spell: Shock
  5548 | D:5      | Reached XP level 8. HP: 21/57 MP: 1/14
  6523 | D:6      | Reached skill level 7 in Poison Magic
  6616 | D:6      | Found a glowing drain.
  6636 | D:6      | Reached skill level 5 in Air Magic
  6671 | D:6      | Reached ** piety under Vehumet
  6671 | D:6      | Offered knowledge of Freeze by Vehumet.
  6712 | Sewer    | Entered a sewer
  6822 | Sewer    | Noticed Purgy
  6825 | Sewer    | Killed Purgy
  6825 | Sewer    | Reached XP level 9. HP: 62/62 MP: 9/16
  7351 | D:6      | Found a transporter.
  7378 | D:6      | Noticed Sun's ghost (novice HuMo)
  7448 | D:6      | Found a transporter.
  7587 | D:6      | Reached skill level 5 in Spellcasting
  7655 | D:6      | Reached skill level 8 in Poison Magic
  7746 | D:6      | Found a radiant altar of Vehumet.
  8014 | D:7      | Offered knowledge of Static Discharge by Vehumet.
  8019 | D:7      | Learned a level 3 spell: Static Discharge
  8406 | D:7      | Reached *** piety under Vehumet
  9019 | D:8      | Learned a level 2 spell: Passwall
  9037 | D:8      | Reached skill level 9 in Poison Magic
  9040 | D:8      | Reached skill level 5 in Transmutations
  9040 | D:8      | Reached XP level 10. HP: 68/68 MP: 1/18
  9268 | D:8      | Offered knowledge of Conjure Flame by Vehumet.
  9423 | D:8      | Found a burning altar of Makhleb.
  9619 | D:8      | Noticed a death yak
  9619 | D:8      | Noticed a death yak
  9626 | D:8      | Noticed a death yak
  9627 | D:8      | Killed a death yak
  9631 | D:8      | Noticed a death yak
  9663 | D:9      | Slain by an ufetubus

Illustrated notes

Levels and vault maps discovered:
D:1:      sevenhm_arrival_forest_fort_large_4, layout_basic
D:2:      layout_loops_ring
D:3:      layout_loops_ring, lemuel_round_altar, old_standard_altar,
          cheibrodos_gnoll_hut, uniq_sigmund
D:4:      layout_basic, gammafunk_temple_overflow_statue, kennysheep_mini,
          minmay_temple_entry_ruins, uniq_crazy_yiuf_cottage,
          uniq_blork_the_orc, uniq_ijyb, uniq_edmund
D:5:      layout_gridville, nicolae_ossuary_entry_monument,
          hangedman_decor_clover_reticule, kennysheep_small_circle
D:6:      layout_rooms, gup_sewer_entry_glass, gammafunk_ghost_hive,
          vehumet_altar_wand_db
D:7:      layout_rooms
D:8:      layout_gridville, dpeg_lair_monsters, basic_altar
D:9:      layout_small_grid, hive_lemuel
Temple:   bh_familiar_temple

Skill      XL: |  1  2  3  4  5  6  7  8  9 10 |
---------------+-------------------------------+-----
Poison Magic   | 4 5 6 7 9 |  9.3
Spellcasting   | 3 4 5 |  5.9
Air Magic      | 1 3 4 5 7 8 |  8.4
Transmutations | 2 3 4 5 |  5.6
Conjurations   | 1 2 4 |  4.6
Fire Magic     | 1 2 3 |  3.3
Dodging        | |  1.7
Stealth        | |  1.7

Action                   |  1- 3 |  4- 6 |  7- 9 | 10-12 || total
-------------------------+-------+-------+-------+-------++-------
Melee: Tailslap          |     4 |     2 |    12 |       ||    18
       Hand axe          |     1 |       |       |       ||     1
       Unarmed           |     1 |       |       |       ||     1
       Dagger            |    45 |    30 |    43 |     6 ||   124
       Flail             |       |       |   124 |       ||   124
Throw: Javelin           |    27 |     1 |    14 |       ||    42
       Boomerang         |       |    36 |    22 |       ||    58
 Cast: Sting             |    34 |    10 |     8 |     1 ||    53
       Poisonous Vapours |     6 |    19 |    55 |     4 ||    84
       Mephitic Cloud    |       |     3 |    14 |     3 ||    20
       Ignite Poison     |       |       |    29 |     5 ||    34
       Shock             |       |       |    91 |     6 ||    97
       Olgreb's Toxic Ra |       |       |     5 |     2 ||     7
       Static Discharge  |       |       |     8 |    10 ||    18
  Use: Scroll            |     5 |       |    18 |       ||    23
       Potion            |       |     2 |     4 |       ||     6
 Stab: Sleeping          |     1 |       |     1 |       ||     2
       Confused          |       |     1 |     1 |       ||     2
Armor: Skin              |    17 |    12 |   113 |    10 ||   152
Dodge: Dodged            |    52 |    26 |   135 |    13 ||   226

Table legend: (Time is in decaauts)
 A = Elapsed time spent in this place.
 B = Non-inter-level travel time spent in this place.
 C = Inter-level travel time spent in this place.
 D = Time resting spent in this place.
 E = Time spent auto-exploring this place.
 F = Levels seen in this place.
 G = Mean time per level.
                   A        B        C        D        E       F      G
               +--------+--------+--------+--------+--------+-----+--------+
         Total |   9736 |   9540 |    196 |   3635 |   4071 |  12 |  811.3 |
       Dungeon |   8651 |   8469 |    182 |   2980 |   3949 |   9 |  961.2 |
        Temple |     40 |     26 |     14 |      0 |     22 |   1 |   40.0 |
         Sewer |    598 |    598 |      0 |    408 |    100 |   1 |  598.0 |
       Ossuary |    445 |    445 |      0 |    247 |      0 |   1 |  445.0 |
               +--------+--------+--------+--------+--------+-----+--------+

Top non-repeatable levels by time:
     D:4: 2103 daAuts
     D:2: 1368 daAuts
     D:5: 1129 daAuts
     D:7: 1004 daAuts
     D:6: 908 daAuts
     D:1: 748 daAuts
     D:8: 693 daAuts
     D:3: 685 daAuts
   Sewer: 598 daAuts
 Ossuary: 445 daAuts
  Temple: 40 daAuts
     D:9: 9 daAuts
